 Dungeon Crawl Stone Soup version 0.29.1-15-g9cfb28693d (webtiles) character file.

Game seed: 10497858324317154056

28 Gabide the Trooper (level 2, -11/24 HPs)
             Began as a Mummy Berserker on Mar 29, 2023.
             Was a Follower of Trog.
             Killed by divine providence
             ... invoked by an orc priest
              (12 damage)
             ... on level 2 of the Dungeon.
             The game lasted 00:01:33 (1795 turns).

Gabide the Trooper (Mummy Berserker)                Turns: 1795, Time: 00:01:34

Health: -11/24     AC:  7    Str: 20    XL:     2   Next: 96%
Magic:  2/2        EV: 11    Int:  6    God:    Trog [*.....]
Gold:   55         SH:  0    Dex: 11    Spells: 1/1 levels left

rFire   x . .      SeeInvis .     - Unarmed
rCold   + . .      Faith    .   (no shield)
rNeg    + + +      Spirit   .   d - +0 leather armour
rPois   ∞          Reflect  .   (no helmet)
rElec   .          Harm     .   (no cloak)
rCorr   .          Rampage  .   (no gloves)
Will    .....                   (no boots)
Stlth   +.........              (no amulet)
HPRegen 0.08/turn               b - +4 ring of protection
MPRegen 0.08/turn               (no ring)

@: no status effects
A: cold resistance 1, negative energy resistance 3, torment resistance 2, heat
vulnerability 1, no potions
a: Renounce Religion


You were on level 2 of the Dungeon.
You worshipped Trog.
Trog was aware of your devotion.
You visited 1 branch of the dungeon, and saw 2 of its levels.

You collected 55 gold pieces.

Inventory:

Missiles
 e - 14 stones (quivered)
Armour
 d - a +0 leather armour (worn)
Jewellery
 b - a +4 ring of protection (left hand)
Scrolls
 a - a scroll of silence {unknown}
 c - a scroll of fog {unknown}


   Skills:
 + Level 3.3 Fighting
 - Level 1.5 Armour
 + Level 2.0 Dodging
 * Level 3.0 Unarmed Combat


You had one spell level left.
You didn't know any spells.
Your spell library was empty.

Dungeon Overview and Level Annotations

Branches:
Dungeon (2/15)

Altars:

Shops:
D:1 [


Innate Abilities, Weirdness & Mutations

You are immune to poison.
Your flesh is cold resistant. (rC+)
You are immune to negative energy. (rN+++)
You are immune to unholy pain and torment.
You are vulnerable to heat. (rF-)
You do not drink.


Message History

You are too injured to fight recklessly!
You are too injured to fight recklessly!
You are too injured to fight recklessly!
You are too injured to fight recklessly!
You are too injured to fight recklessly!
You are too injured to fight recklessly!
You are too injured to fight recklessly!
You are too injured to fight recklessly!
You are too injured to fight recklessly!
You are too injured to fight recklessly!
You are too injured to fight recklessly!
You are too injured to fight recklessly!
You are too injured to fight recklessly!
You barely miss the orc.
The orc is almost dead.
The orc hits you with a +0 flail.
You barely miss the orc. Your punch misses the orc.
The orc is almost dead.
The orc closely misses you.
You closely miss the orc.
The orc is almost dead.
The orc hits you with a +0 flail.
* * * LOW HITPOINT WARNING * * *
Okay, then.
Unknown command.
There are no items here.
The orc attacks as you move away! The orc hits you with a +0 flail.
* * * LOW HITPOINT WARNING * * *
You barely miss the orc.
The orc is almost dead.
The orc hits you with a +0 flail.
* * * LOW HITPOINT WARNING * * *
You can't drink.
The orc priest calls upon Beogh to heal the orc.
The orc is healed somewhat.
The orc attacks as you move away! The orc barely misses you.
The orc priest invokes the aid of Beogh against you.
Beogh smites you!
Ouch! That really hurt!
You die...

#.# #.♣...#PP♣P♣♣÷# #w#
#.'.8.'...._♣.#
#.####.♣...#PPPP♣♣.##
#.#...†#...# PP♣♣...## #####.
#.#.#..##### ♣♣.....###o....
#.#.#...♣÷♣ ♣♣.o###..##)#...
#.#.#...♣♣♣♣♣♣..o......#.#.8.
#†#.#........o.#####.....#o..
#.#.##.#.#..@### #.....#..o
#.#...<..#.### #.....#...
#.########.#########.....#.8.
... #.............#.#...
..... #############.#.#
#.....# #.#.# #.$...# #.#..
#.#...# #.#...#


You could see an orc priest and 2 orcs.

Vanquished Creatures
  A worm (D:2)
  A dart slug (D:1)
  An orc (D:2)
  An endoplasm (D:1)
  A giant cockroach (D:2)
  A goblin (D:1)
  3 hobgoblins
  A quokka (D:2)
  3 ball pythons
  A frilled lizard (D:1)
  4 kobolds (D:1)
  2 rats (D:1)
20 creatures vanquished.

Notes
Turn   | Place    | Note
-------+----------+-------------------------------------------
     0 | D:1      | Gabide the Mummy Berserker began the quest for the Orb.
     0 | D:1      | Reached XP level 1. HP: 18/18 MP: 1/1
   481 | D:1      | Found Kyenul's Armour Emporium.
   611 | D:1      | Reached XP level 2. HP: 20/24 MP: 2/2
  1732 | D:2      | Found a faded altar of an unknown god.
  1791 | D:2      | HP: 1/24 [orc/+0 flail (5)]
  1795 | D:2      | Killed from afar by an orc priest

Illustrated notes

Levels and vault maps discovered:
D:1:      amcnicky_arrival_feature_with_door, layout_basic, serial_shops, shop
D:2:      cheibrodos_pilgrimage, layout_basic,
          dilly_ecumenical_altar_fadedgnrine, serial_shops,
          nicolae_shop_behind_doors, nicolae_shop_overgrown_old_shop,
          nicolae_shop_waterfront, shop, nicolae_shop_hallway_plus, basic_altar,
          grunt_decor_junction

Skill      XL: |  1  2 |
---------------+-------+-----
Unarmed Combat | 3 |  3.0
Dodging        | 2 |  2.0
Fighting       | |  3.3
Armour         | |  1.5

Action                   || total
-------------------------++-------
Melee: Unarmed           ||   100
Throw: Stone             ||    14
 Stab: Sleeping          ||     1
Armor: Animal skin       ||     6
       Leather armour    ||    19
Dodge: Dodged            ||    47
